 Dungeon Crawl Stone Soup version 0.24-a0-518-g9d8d8d5b78 (webtiles) character file.

Game seed: 13774394481046220535

42 Gynju the Vandal (level 3, -8/24 HPs)
             Began as a Halfling Hunter on July 23, 2019.
             Mangled by Terence
             ... wielding a +0 trident
              (11 damage)
             ... on level 2 of the Dungeon.
             The game lasted 00:02:29 (1078 turns).

Gynju the Vandal (Halfling Hunter)                  Turns: 1078, Time: 00:02:29

Health: -8/24      AC:  3    Str: 13    XL:     3   Next: 80%
Magic:  3/3        EV: 15    Int:  9    God:
Gold:   34         SH:  0    Dex: 15    Spells: 2/2 levels left

rFire    + . .     SeeInvis .   a - +2 hunting sling
rCold    + . .     Gourm    .   (shield restricted)
rNeg     . . .     Faith    .   c - +0 leather armour
rPois    .         Spirit   .   (no helmet)
rElec    .         Reflect  .   l - scarf {rC+ rF+}
rCorr    .         Harm     .   (no gloves)
MR       .....                  (no boots)
Stlth    ++........             (no amulet)
HPRegen  0.08/turn              (no ring)
MPRegen  0.08/turn              (no ring)

@: no status effects
A: small, mutation resistance 1
a: no special abilities


You were on level 2 of the Dungeon.
You were not hungry.

You visited 1 branch of the dungeon, and saw 2 of its levels.

You collected 34 gold pieces.

Inventory:

Hand Weapons
 a - a +2 hunting sling (weapon)
 b - a +0 vampiric spear
Missiles
 d - 2 sling bullets (quivered)
 e - 48 stones
Armour
 c - a +0 leather armour (worn)
 l - a scarf of resistance (worn)
Jewellery
 n - an uncursed ring of flight {unknown}
 p - an uncursed amulet of the acrobat {unknown}
Scrolls
 j - a scroll of teleportation
Potions
 k - a potion of magic {unknown}
Comestibles
 f - 2 rations
 g - a chunk of flesh


   Skills:
 + Level 2.3 Fighting
 + Level 6.3 Slings
 + Level 2.8 Dodging
 + Level 2.1 Stealth


You had 2 spell levels left.
You didn't know any spells.
Your spell library was empty.

Dungeon Overview and Level Annotations

Branches:
Dungeon (1/15)

Altars:
Ru

Annotations:
D:2 Terence


Innate Abilities, Weirdness & Mutations

You are small and have problems with some larger weapons.
You are somewhat resistant to further mutation.


Message History

Really attack while wielding your +2 hunting sling? [Y]es or [N]o only, please.
Really attack while wielding your +2 hunting sling?
Okay, then.
Terence hits you with a +0 trident. The hobgoblin closely misses you.
The adder hisses angrily.
A goblin comes into view.
Terence rages.
The hobgoblin misses you. The hobgoblin misses you. Terence closely misses you.
You see here a quokka skeleton.
Terence hits you with a +0 trident.
Terence rages.
Terence hits you with a +0 trident!
Ouch! That really hurt!
* * * LOW HITPOINT WARNING * * *
Terence closely misses you. Terence closely misses you.
Terence hits you with a +0 trident!
You die...

#####(##÷##)#.... )...........#
.## ###..g.....#..#
#......(...... #####
####S.#÷#...##..#
#########...###...l.).........#
#.....##...>.##.#.g.#.##.###....
#.###.#........_@..(#.#### # #
#.# #.........#@#.......#
#.###.#.......#..##.#.###
#..>..##.....###.##.#.#
##......#.).#.......#.#
#.÷###.##.##.##.####>#
#...##.##.......#
#.#.##.##.......# #.#.##.# ...
$## #......# ..


You could see Terence (berserk), an adder, a hobgoblin, a goblin and a frilled
lizard.

Vanquished Creatures
  2 adders (D:2)
  An ooze (D:1)
  A dart slug (D:2)
  4 goblins (D:1)
  3 hobgoblins
  A kobold (D:1)
  2 quokkas (D:2)
  2 bats
  A rat (D:1)
17 creatures vanquished.

Notes
Turn   | Place    | Note
-------+----------+-------------------------------------------
     0 | D:1      | Gynju the Halfling Hunter began the quest for the Orb.
     0 | D:1      | Reached XP level 1. HP: 14/14 MP: 1/1
   158 | D:1      | Reached skill level 6 in Slings
   158 | D:1      | Reached XP level 2. HP: 17/19 MP: 2/2
   639 | D:1      | You fall into a shaft and drop 1 floor!
   660 | D:2      | Reached XP level 3. HP: 24/24 MP: 3/3
   683 | D:2      | Found a sacrificial altar of Ru.
  1056 | D:2      | Noticed Terence
  1078 | D:2      | Mangled by Terence

Levels and vault maps discovered:
D:1:      erik_arrival_cave_to_civilisation [erik_arrival_cave_to_hall],
          layout_loops_ring
D:2:      layout_loops_cross, lemuel_doored_altar,
          nicolae_overflow_crystal_walls, lemuel_crystal_altar,
          minmay_quantized, uniq_crazy_yiuf_cottage, uniq_natasha, uniq_terence

Skill      XL: |  1  2  3 |
---------------+----------+-----
Slings         | 6 |  6.3
Fighting       | 2 |  2.3
Stealth        | 2 |  2.1
Dodging        | |  2.8

Action                   || total
-------------------------++-------
 Fire: Hunting sling     ||    84
  Use: Scroll            ||     5
       Potion            ||     1
Armor: Leather armour    ||     7
Dodge: Dodged            ||    38

Table legend:
 A = Non-vault XP
 B = Vault XP
 C = Vault XP percentage of total XP
 D = Non-vault monster count
 E = Vault monster count
 F = Vault count percentage of total count
                 A         B        C        D         E       F
            +---------+---------+-------+---------+---------+-------
      Total |      59 |       2 |   3.3 |      15 |       2 |  11.8
            +---------+---------+-------+---------+---------+-------
        D:1 |      21 |       2 |   8.7 |       8 |       2 |  20.0
        D:2 |      38 |       0 |   0.0 |       7 |       0 |   0.0
            +---------+---------+-------+---------+---------+-------
